AoeStats
← AOELG_bravedave92

Coastal Forest

510284934Analyzed
2v2 RM · 3d ago on Sep 30, 2026· 36m 49s· 4 players
Game mode
Random Map
Map size
Medium (4 player)
Population
200
Speed
Normal
Resources
Standard
Victory
Conquest
Starting age
Dark Age
Ending age
Imperial Age
RankedLock teamsTeams togetherTeam positionsShared explorationLock speedFull tech treeHidden civsTurbo modeCheats
Victory
Defeat
🇦🇺 Tupi · Australia
1196
+15
🇦🇺 Malians · Australia
1158
+16
🇩🇪 Byzantines · Germany
1184
-16
🇨🇭 Khmer · Switzerland
1162
-15
AOELG_bravedave92
7:37 Loom
9:38 Feudal Age
7:55 Loom
10:00 Man-at-Arms
11:12 Double-Bit Axe
15:58 Horse Collar
22:18 Castle Age
22:10 Forging
22:01 Scale Mail Armor
23:04 Fletching
23:57 Bow Saw
24:14 Gambesons
27:16 Wheelbarrow
28:11 Iron Casting
30:00 Chain Mail Armor
29:07 Long Swordsman
31:04 Bodkin Arrow
frickman
5:16 Loom
9:21 Feudal Age
10:15 Double-Bit Axe
10:14 Horse Collar
20:09 Bloodlines
22:14 Castle Age
20:27 Forging
20:22 Scale Barding Armor
23:34 Wheelbarrow
23:30 Fishing Lines
25:51 Iron Casting
25:37 Chain Barding Armor
27:37 Bow Saw
27:44 Husbandry
32:29 Imperial Age
35:48 Cavalier
Trollociraptor
6:41 Loom
9:23 Feudal Age
22:09 Castle Age
20:13 Double-Bit Axe
21:16 Man-at-Arms
22:10 Scale Mail Armor
22:21 Forging
23:20 Chain Mail Armor
24:05 Bow Saw
30:17 Iron Casting
Rocinante
8:58 Loom
11:11 Feudal Age
15:26 Castle Age
13:48 Double-Bit Axe
14:14 Horse Collar
15:07 Fletching
16:57 Gold Mining
21:01 Wheelbarrow
20:46 Bow Saw
26:14 Ballistics
27:55 Padded Archer Armor
30:21 Bodkin Arrow
30:42 Leather Archer Armor
31:57 Hand Cart
32:03 Hand Cart
38:15 Imperial Age
Connection lost

Rejoining the realm…

Still unreachable

The connection could not be restored.

Session expired

The server has moved on; the page needs a fresh start.